[ AOE2 MATCH · #505125232 ]
UnrankedHindustanis vs Britons
Player's team · WIN
Rival team · LOSS
[ REPLAY ANALYSIS · EXTRACTED FROM THE RECORDED GAME ]
Feudal
10:08
Castle
32:03
Imperial
—
| APM avg | 52.5 |
| APM peak | 84 |
| eAPM avg | 21.5 |
| Villagers / military | 106 / 46 |
Focus
⚔️ 28.8% · 🌾 71.2%
Archer ×19 · Scout Cavalry ×19 · Mangonel ×7 · Militia ×1
Feudal
23:13
Castle
36:17
Imperial
—
| APM avg | 31.4 |
| APM peak | 86 |
| eAPM avg | 16.2 |
| Villagers / military | 76 / 36 |
Focus
⚔️ 34.8% · 🌾 65.2%
Archer ×20 · Militia ×8 · Skirmisher ×6 · Mangonel ×2
Match map
Initial resources + every placement click. Lines = walls · curves = elevation contours. ◆ gold · ⬟ stone · ● berries · ✦ relic · ◌ wall gap
Your base· Open — opponent sealed themselves in
Redwood MC9's base· ✓ Closed at 36:17 · 46t walls · 5 gate(s)
Smoothed initial terrain · ◌ = detected wall gap · hover for details
Inputs per minute
— Omit the Wise - - Redwood MC9
Build order — Omit the Wise
First 150 of 263 actions detected
| 0:00 | Create | Villager (Male) |
| 0:00 | Create | Villager (Male) |
| 0:01 | Create | Villager (Male) |
| 0:02 | Build | House |
| 0:04 | Build | House |
| 0:10 | Create | Villager (Male) |
| 0:10 | Create | Villager (Male) |
| 1:06 | Create | Villager (Male) |
| 1:31 | Create | Villager (Male) |
| 1:57 | Create | Villager (Male) |
| 1:57 | Create | Villager (Male) |
| 2:02 | Build | Lumber Camp |
| 2:51 | Create | Villager (Male) |
| 3:10 | Create | Villager (Male) |
| 3:35 | Create | Villager (Male) |
| 3:36 | Create | Villager (Male) |
| 3:56 | Build | House |
| 4:12 | Create | Villager (Male) |
| 4:12 | Create | Villager (Male) |
| 4:37 | Create | Villager (Male) |
| 4:38 | Create | Villager (Male) |
| 4:48 | Create | Villager (Male) |
| 4:50 | Build | Mill |
| 5:10 | Build | House |
| 5:43 | Create | Villager (Male) |
| 5:45 | Create | Villager (Male) |
| 6:09 | Create | Villager (Male) |
| 6:16 | Research | Loom |
| 7:03 | Create | Villager (Male) |
| 7:57 | Create | Villager (Male) |
| 7:58 | Research | Feudal Age |
| 9:18 | Build | Mining Camp |
| 9:47 | Create | Villager (Male) |
| 10:08 | Age | Feudal Age |
| 10:18 | Create | Villager (Male) |
| 10:55 | Create | Villager (Male) |
| 11:03 | Create | Villager (Male) |
| 11:24 | Create | Villager (Male) |
| 11:24 | Create | Villager (Male) |
| 12:04 | Build | House |
| 12:06 | Build | House |
| 12:10 | Build | House |
| 12:12 | Build | Palisade Wall |
| 12:14 | Build | Palisade Wall |
| 12:19 | Build | Watch Tower |
| 12:29 | Build | House |
| 13:19 | Build | House |
| 14:01 | Build | Market |
| 14:35 | Build | Town Center |
| 15:07 | Build | Barracks |
| 15:59 | Create | Villager (Male) |
| 15:59 | Create | Villager (Male) |
| 16:00 | Create | Villager (Male) |
| 16:23 | Build | House |
| 16:24 | Build | Palisade Wall |
| 16:25 | Build | Palisade Wall |
| 16:26 | Build | House |
| 16:33 | Build | Palisade Wall |
| 16:45 | Create | Villager (Male) |
| 16:45 | Create | Villager (Male) |
| 16:45 | Create | Villager (Male) |
| 16:50 | Build | Palisade Wall |
| 16:56 | Build | Palisade Wall |
| 16:59 | Build | Palisade Wall |
| 17:14 | Build | House |
| 17:20 | Build | Palisade Gate |
| 17:22 | Build | Palisade Wall |
| 17:56 | Create | Villager (Male) |
| 17:56 | Create | Villager (Male) |
| 17:56 | Create | Villager (Male) |
| 18:19 | Create | Villager (Male) |
| 18:43 | Create | Villager (Male) |
| 18:52 | Research | Man-at-Arms (upgrade) |
| 19:05 | Build | Archery Range |
| 19:14 | Build | Palisade Wall |
| 19:16 | Build | Palisade Wall |
| 19:17 | Build | Palisade Wall |
| 19:18 | Build | Palisade Wall |
| 19:18 | Build | Palisade Wall |
| 19:19 | Build | Palisade Wall |
| 19:19 | Build | Palisade Wall |
| 19:25 | Create | Villager (Male) |
| 19:25 | Create | Villager (Male) |
| 19:37 | Build | Palisade Wall |
| 19:38 | Build | Palisade Wall |
| 19:38 | Build | Palisade Wall |
| 19:44 | Build | Palisade Wall |
| 19:45 | Build | Palisade Wall |
| 19:45 | Build | Palisade Wall |
| 19:46 | Build | Palisade Wall |
| 19:47 | Build | Palisade Wall |
| 19:49 | Create | Archer |
| 19:51 | Create | Archer |
| 19:55 | Build | Blacksmith |
| 20:03 | Create | Villager (Male) |
| 20:03 | Create | Villager (Male) |
| 20:04 | Create | Villager (Male) |
| 20:04 | Create | Villager (Male) |
| 20:07 | Build | Farm |
| 20:09 | Build | Farm |
| 20:38 | Build | House |
| 20:49 | Build | Farm |
| 21:14 | Build | Farm |
| 21:15 | Create | Villager (Male) |
| 21:15 | Create | Villager (Male) |
| 21:17 | Create | Archer |
| 21:17 | Create | Archer |
| 21:38 | Create | Archer |
| 21:47 | Build | Palisade Wall |
| 22:26 | Create | Villager (Male) |
| 22:26 | Create | Villager (Male) |
| 22:27 | Create | Archer |
| 22:51 | Create | Villager (Male) |
| 22:51 | Create | Villager (Male) |
| 23:07 | Create | Archer |
| 23:08 | Create | Archer |
| 23:18 | Build | Watch Tower |
| 23:33 | Create | Villager (Male) |
| 23:46 | Build | Farm |
| 23:46 | Build | Farm |
| 23:47 | Build | Farm |
| 23:47 | Build | Farm |
| 23:47 | Build | Farm |
| 23:47 | Build | Farm |
| 24:08 | Create | Villager (Male) |
| 24:26 | Create | Militia |
| 24:31 | Build | Farm |
| 24:32 | Build | Farm |
| 24:33 | Create | Villager (Male) |
| 24:56 | Create | Archer |
| 25:05 | Research | Fletching |
| 25:09 | Build | Farm |
| 25:11 | Create | Villager (Male) |
| 25:11 | Create | Villager (Male) |
| 25:36 | Create | Villager (Male) |
| 25:39 | Build | Farm |
| 25:42 | Create | Archer |
| 25:42 | Create | Archer |
| 26:18 | Create | Villager (Male) |
| 26:18 | Create | Villager (Male) |
| 26:21 | Create | Archer |
| 26:34 | Build | House |
| 26:48 | Create | Villager (Male) |
| 27:00 | Create | Villager (Male) |
| 27:00 | Create | Villager (Male) |
| 27:03 | Build | House |
| 27:23 | Create | Villager (Male) |
| 27:29 | Build | House |
| 27:31 | Build | House |
| 27:33 | Create | Archer |
Build order — Redwood MC9
First 150 of 178 actions detected
| 0:00 | Create | Villager (Male) |
| 0:00 | Create | Villager (Male) |
| 0:02 | Build | House |
| 0:04 | Build | House |
| 0:26 | Create | Villager (Male) |
| 0:26 | Create | Villager (Male) |
| 1:22 | Create | Villager (Male) |
| 1:22 | Create | Villager (Male) |
| 1:32 | Create | Villager (Male) |
| 1:32 | Create | Villager (Male) |
| 1:42 | Build | Lumber Camp |
| 1:57 | Create | Villager (Male) |
| 1:58 | Create | Villager (Male) |
| 2:02 | Build | House |
| 2:22 | Create | Villager (Male) |
| 2:55 | Create | Villager (Male) |
| 2:56 | Create | Villager (Male) |
| 3:18 | Create | Villager (Male) |
| 3:19 | Create | Villager (Male) |
| 3:32 | Build | House |
| 3:33 | Build | Palisade Wall |
| 3:40 | Create | Villager (Male) |
| 3:41 | Create | Villager (Male) |
| 3:43 | Create | Villager (Male) |
| 3:43 | Create | Villager (Male) |
| 4:02 | Create | Villager (Male) |
| 4:02 | Create | Villager (Male) |
| 4:13 | Build | House |
| 4:14 | Build | Palisade Wall |
| 4:25 | Build | Palisade Gate |
| 5:08 | Create | Villager (Male) |
| 5:22 | Create | Villager (Male) |
| 5:49 | Research | Loom |
| 6:01 | Build | Palisade Wall |
| 6:05 | Build | Palisade Wall |
| 6:10 | Create | Villager (Male) |
| 6:45 | Build | Town Center |
| 7:41 | Create | Villager (Male) ×3 |
| 7:41 | Create | Villager (Male) ×3 |
| 7:48 | Build | Palisade Wall |
| 7:55 | Build | Mill |
| 8:12 | Build | House |
| 8:13 | Build | Palisade Wall |
| 8:18 | Build | House |
| 8:20 | Build | Palisade Wall |
| 8:29 | Build | Palisade Wall |
| 8:44 | Create | Villager (Male) ×2 |
| 8:44 | Create | Villager (Male) ×2 |
| 9:32 | Build | House |
| 9:32 | Build | Palisade Wall |
| 9:48 | Create | Villager (Male) |
| 10:51 | Create | Villager (Male) |
| 10:58 | Build | House |
| 10:58 | Build | Palisade Wall |
| 11:08 | Create | Villager (Male) |
| 11:39 | Build | Palisade Wall |
| 11:41 | Build | Palisade Wall |
| 11:49 | Create | Villager (Male) |
| 11:49 | Create | Villager (Male) |
| 11:49 | Create | Villager (Male) |
| 13:24 | Create | Villager (Male) |
| 13:59 | Create | Villager (Male) ×2 |
| 14:15 | Build | Mill |
| 14:57 | Build | Town Center |
| 15:00 | Build | House |
| 15:02 | Build | Palisade Wall |
| 15:36 | Build | House |
| 16:27 | Build | Lumber Camp |
| 16:31 | Build | Palisade Gate |
| 17:35 | Build | Palisade Wall |
| 17:39 | Build | Mining Camp |
| 17:57 | Build | Mill |
| 18:08 | Build | Palisade Gate |
| 18:11 | Build | Mill |
| 18:28 | Build | Barracks |
| 19:26 | Build | Mining Camp |
| 19:31 | Create | Militia |
| 19:31 | Create | Militia ×2 |
| 19:31 | Create | Militia |
| 19:47 | Build | Town Center |
| 20:04 | Build | Palisade Gate |
| 20:08 | Build | Palisade Wall |
| 20:15 | Create | Militia |
| 20:30 | Create | Militia |
| 20:53 | Build | Palisade Gate |
| 21:03 | Research | Feudal Age |
| 21:10 | Create | Militia |
| 21:27 | Create | Militia |
| 23:13 | Age | Feudal Age |
| 23:38 | Build | Watch Tower |
| 24:03 | Create | Villager (Male) |
| 24:03 | Create | Villager (Male) |
| 24:39 | Build | Mining Camp |
| 25:05 | Create | Villager (Male) |
| 25:38 | Build | Watch Tower |
| 25:40 | Create | Villager (Male) |
| 25:52 | Build | Archery Range |
| 26:00 | Build | Market |
| 26:11 | Create | Villager (Male) ×5 |
| 26:11 | Create | Villager (Male) ×5 |
| 26:12 | Create | Villager (Male) ×5 |
| 26:12 | Create | Villager (Male) |
| 27:16 | Create | Villager (Male) |
| 27:45 | Create | Villager (Male) |
| 27:54 | Build | House |
| 27:56 | Build | Palisade Wall |
| 28:32 | Create | Skirmisher |
| 28:42 | Build | Blacksmith |
| 28:50 | Create | Villager (Male) |
| 29:02 | Build | Palisade Wall |
| 29:20 | Create | Skirmisher |
| 29:27 | Research | Fletching |
| 29:28 | Research | Padded Archer Armor |
| 29:38 | Build | Palisade Wall |
| 29:53 | Create | Skirmisher |
| 29:53 | Create | Skirmisher |
| 29:54 | Create | Skirmisher |
| 29:54 | Create | Skirmisher |
| 30:08 | Build | Farm |
| 30:11 | Build | Farm |
| 30:15 | Build | Farm |
| 30:18 | Build | Farm |
| 30:35 | Build | Watch Tower |
| 30:36 | Build | Mining Camp |
| 30:48 | Create | Villager (Male) |
| 30:57 | Build | Watch Tower |
| 30:58 | Build | Farm |
| 30:59 | Build | Farm |
| 31:00 | Build | Farm |
| 31:00 | Build | Farm |
| 31:11 | Create | Villager (Male) |
| 31:20 | Build | Palisade Gate |
| 31:23 | Build | House |
| 31:25 | Create | Villager (Male) |
| 31:31 | Build | Farm |
| 31:40 | Create | Villager (Male) |
| 31:46 | Research | Gold Mining |
| 32:06 | Create | Villager (Male) |
| 32:36 | Build | House |
| 32:43 | Build | Farm |
| 33:02 | Build | Palisade Wall |
| 33:24 | Build | Farm |
| 33:37 | Research | Castle Age |
| 33:37 | Research | Castle Age |
| 34:01 | Build | Archery Range |
| 34:08 | Research | Double-Bit Axe |
| 34:55 | Build | House |
| 35:00 | Create | Archer |
| 35:01 | Create | Archer ×3 |
| 35:01 | Create | Archer ×2 |
Match timeline
| 3:33 | Redwood MC9 · wall_segment Palisade Wall x3 |
| 4:14 | Redwood MC9 · wall_segment Palisade Wall x1 |
| 6:01 | Redwood MC9 · wall_segment Palisade Wall x5 |
| 6:05 | Redwood MC9 · wall_segment Palisade Wall x5 |
| 7:48 | Redwood MC9 · wall_segment Palisade Wall x3 |
| 8:13 | Redwood MC9 · wall_segment Palisade Wall x1 |
| 8:20 | Redwood MC9 · wall_segment Palisade Wall x1 |
| 8:29 | Redwood MC9 · wall_segment Palisade Wall x5 |
| 9:32 | Redwood MC9 · wall_segment Palisade Wall x4 |
| 10:08 | Omit the Wise · age_up feudal |
| 10:58 | Redwood MC9 · wall_segment Palisade Wall x1 |
| 11:39 | Redwood MC9 · wall_segment Palisade Wall x1 |
| 11:41 | Redwood MC9 · wall_segment Palisade Wall x1 |
| 12:12 | Omit the Wise · wall_segment Palisade Wall x1 |
| 12:14 | Omit the Wise · wall_segment Palisade Wall x1 |
| 14:33 | Omit the Wise · first_market_buy 100 stone |
| 15:02 | Redwood MC9 · wall_segment Palisade Wall x7 |
| 15:07 | Omit the Wise · first_building Barracks |
| 16:24 | Omit the Wise · wall_segment Palisade Wall x1 |
| 16:25 | Omit the Wise · wall_segment Palisade Wall x1 |
| 16:33 | Omit the Wise · wall_segment Palisade Wall x1 |
| 16:50 | Omit the Wise · wall_segment Palisade Wall x1 |
| 16:56 | Omit the Wise · wall_segment Palisade Wall x1 |
| 16:59 | Omit the Wise · wall_segment Palisade Wall x1 |
| 17:22 | Omit the Wise · wall_segment Palisade Wall x1 |
| 17:35 | Redwood MC9 · wall_segment Palisade Wall x1 |
| 18:28 | Redwood MC9 · first_building Barracks |
| 19:05 | Omit the Wise · first_building Archery Range |
| 19:14 | Omit the Wise · wall_segment Palisade Wall x1 |
| 19:16 | Omit the Wise · wall_segment Palisade Wall x1 |
| 19:17 | Omit the Wise · wall_segment Palisade Wall x1 |
| 19:18 | Omit the Wise · wall_segment Palisade Wall x1 |
| 19:18 | Omit the Wise · wall_segment Palisade Wall x1 |
| 19:19 | Omit the Wise · wall_segment Palisade Wall x1 |
| 19:19 | Omit the Wise · wall_segment Palisade Wall x1 |
| 19:37 | Omit the Wise · wall_segment Palisade Wall x1 |
| 19:38 | Omit the Wise · wall_segment Palisade Wall x1 |
| 19:38 | Omit the Wise · wall_segment Palisade Wall x1 |
| 19:44 | Omit the Wise · wall_segment Palisade Wall x1 |
| 19:45 | Omit the Wise · wall_segment Palisade Wall x1 |
| 19:45 | Omit the Wise · wall_segment Palisade Wall x1 |
| 19:46 | Omit the Wise · wall_segment Palisade Wall x1 |
| 19:47 | Omit the Wise · wall_segment Palisade Wall x1 |
| 20:08 | Redwood MC9 · wall_segment Palisade Wall x1 |
| 21:47 | Omit the Wise · wall_segment Palisade Wall x1 |
| 23:13 | Redwood MC9 · age_up feudal |
| 25:01 | Omit the Wise · first_market_sell 100 wood |
| 25:52 | Redwood MC9 · first_building Archery Range |
| 26:54 | Redwood MC9 · first_market_sell 100 food |
| 26:55 | Redwood MC9 · first_market_buy 100 stone |
| 27:56 | Redwood MC9 · wall_segment Palisade Wall x4 |
| 29:02 | Redwood MC9 · wall_segment Palisade Wall x1 |
| 29:38 | Redwood MC9 · wall_segment Palisade Wall x1 |
| 30:29 | Omit the Wise · first_building Stable |
| 32:03 | Omit the Wise · age_up castle |
| 33:02 | Redwood MC9 · wall_segment Palisade Wall x1 |
| 33:06 | Omit the Wise · first_building Siege Workshop |
| 36:17 | Redwood MC9 · age_up castle |
| 37:53 | Redwood MC9 · first_building Siege Workshop |
| 41:56 | Omit the Wise · first_building Castle |
| 42:14 | Redwood MC9 · wall_segment Palisade Wall x1 |
| 42:16 | Redwood MC9 · wall_segment Palisade Wall x1 |
| 42:20 | Redwood MC9 · wall_segment Palisade Wall x1 |
| 42:23 | Redwood MC9 · wall_segment Palisade Wall x1 |
| 42:46 | Redwood MC9 · wall_segment Palisade Wall x1 |
| 43:20 | Redwood MC9 · resign |
[ AI ANALYSIS · 1 CREDIT ]
What really happened in this match?
Wolo.gg analyzes every decision: build order, eco, micro, common mistakes by bracket. Personalized analysis on WhatsApp or Discord in 30 seconds.
Civ guide
Hindustanis
Perfil
Omit the Wise